 Dungeon Crawl Stone Soup version 0.26-a0-474-gfaca0e1de5 (webtiles) character file.

Game seed: 9835328807863766211

352 KristoblXynda the Covert (level 6, -4/35 HPs)
             Began as a Vampire Brigand on July 31, 2020.
             Slain by a gnoll
             ... wielding a +0 whip
              (8 damage)
             ... on level 4 of the Dungeon.
             The game lasted 00:05:41 (3573 turns).

KristoblXynda the Covert (Vampire Brigand)          Turns: 3573, Time: 00:05:42

Health: -4/35      AC:  5    Str:  8 (10) XL:     6   Next: 35%
Magic:  6/6        EV: 14    Int: 14 (16) God:
Gold:   155        SH:  0    Dex: 13 (15) Spells: 5/5 levels left

rFire    + . .     SeeInvis +   a - +3 dagger
rCold    + + .     Faith    .   (no shield)
rNeg     . . .     Spirit   .   b - +0 robe
rPois    .         Reflect  .   w - +1 helmet of the Last Mice {rElec rF+ rC++ MR-}
rElec    +         Harm     .   c - +0 cloak
rCorr    .                      (no gloves)
MR       .....                  (no boots)
Stlth    ++++......             (no amulet)
HPRegen  0.31/turn              (no ring)
MPRegen  0.10/turn              (no ring)

@: regenerating quickly
A: fangs 3, see invisible, [frail 2], unbreathing
a: Exsanguinate


You were on level 4 of the Dungeon.
You visited 1 branch of the dungeon, and saw 4 of its levels.

You collected 183 gold pieces.
You spent 28 gold pieces at shops.

Inventory:

Hand Weapons
 a - a +3 dagger (weapon)
Missiles
 d - 47 poisoned darts (quivered)
 e - 2 curare-tipped darts
Armour
 b - a +0 robe (worn)
 c - a +0 cloak (worn)
 w - the +1 helmet of the Last Mice (worn) {rElec rF+ rC++ MR-}
   (You found it on level 4 of the Dungeon)

   It protects you from fire.
   It greatly protects you from cold.
   It insulates you from electricity.
   It affects your resistance to hostile enchantments.
Wands
 k - a wand of iceblast (5)
 v - a wand of clouds (6)
Scrolls
 f - a scroll of remove curse
 g - a scroll of enchant armour {unknown}
 i - 3 scrolls of teleportation
 l - 2 scrolls of blinking {unknown}
 m - a scroll of enchant weapon
 n - a scroll of fear {unknown}
 o - a scroll of fog
 t - a scroll of random uselessness {unknown}
Potions
 h - a potion of haste {unknown}
 j - 3 potions of resistance
 p - a potion of might {unknown}
 q - a potion of berserk rage
 r - a potion of curing
 u - a potion of degeneration {unknown}


   Skills:
 - Level 2.0 Fighting
 + Level 4.3 Short Blades
 - Level 2.4 Throwing
 + Level 3.8 Dodging
 + Level 8.0 Stealth


You had 5 spell levels left.
You didn't know any spells.
Your spell library was empty.

Dungeon Overview and Level Annotations

Branches:
Dungeon (4/15)
 Temple: D:4-7

Altars:
Cheibriados
Fedhas
Kikubaaqudgha
Nemelex Xobeh

Shops:
D:4 ?:


Innate Abilities, Weirdness & Mutations

Your natural rate of healing is unusually fast.
You have razor-sharp teeth.
You have supernaturally acute eyesight. (SInv)
You can survive without breathing.
[You are very frail. (-20% HP)]


Message History

The gnoll is lightly wounded.
The gnoll barely misses you.
The gnoll hits you from afar with a +2 spear of pain.
* * * LOW HITPOINT WARNING * * *
You hit the gnoll.
The gnoll is moderately wounded.
The gnoll hits you with a +0 whip.
* * * LOW HITPOINT WARNING * * *
The gnoll misses you. The gnoll blocks your attack.
The gnoll is moderately wounded.
The gnoll misses you.
Unknown command.
You hit the gnoll.
The gnoll is moderately wounded.
The gnoll barely misses you.
You barely miss the gnoll.
The gnoll is moderately wounded.
The gnoll hits you with a +0 whip!
You die...

#.#.......#
#.##......#
#.###.##.##
#.....##.#
########.#####
#.........#
#.......#.##
#.###♣.....# #@#
#...#..#
#####g##♣∩♣.#..#
#.....g(g......#
#.###.##.♣..##.#
#.###.#.# ..
#.###.#.# #
#...g)..#
#####'### ...


You could see 2 gnolls.

Vanquished Creatures
  An ogre (D:4)
  A scorpion (D:4)
  A hound (D:4)
  Jessica (D:2)
  A gnoll (D:4)
  7 adders
  3 oozes
  3 adder skeletons (D:4)
  A worm (D:2)
  2 leopard geckos
  4 orcs (D:3)
  2 giant cockroaches
  8 goblins
  4 hobgoblins (D:1)
  2 jackals (D:2)
  2 quokkas (D:4)
  3 ball pythons
  7 bats
  5 frilled lizards
  A jackal skeleton (D:4)
  7 kobolds
  6 rats
72 creatures vanquished.

Notes
Turn   | Place    | Note
-------+----------+-------------------------------------------
     0 | D:1      | KristoblXynda the Vampire Brigand began the quest for the
                  | Orb.
     0 | D:1      | Reached XP level 1. HP: 16/16 MP: 1/1
   104 | D:1      | Reached skill level 6 in Stealth
   162 | D:1      | Reached XP level 2. HP: 7/22 MP: 2/2
   606 | D:2      | Reached XP level 3. HP: 12/27 MP: 3/3
   906 | D:2      | Found a blossoming altar of Fedhas.
   912 | D:2      | Found an ancient bone altar of Kikubaaqudgha.
   962 | D:2      | Noticed Jessica
   976 | D:2      | Killed Jessica
   976 | D:2      | Reached XP level 4. HP: 14/33 MP: 4/4
  1225 | D:2      | Found a sparkling altar of Nemelex Xobeh.
  2254 | D:3      | Reached skill level 7 in Stealth
  2369 | D:3      | Reached XP level 5. HP: 38/38 MP: 5/5
  2752 | D:4      | Found Emiduhio's Magic Scroll Shop.
  2754 | D:4      | Bought a scroll of identify for 28 gold pieces
  2762 | D:4      | Noticed an ogre
  2806 | D:4      | Killed an ogre
  2873 | D:4      | Reached XP level 6. HP: 18/35 MP: 6/6
  3119 | D:4      | Found a snail-covered altar of Cheibriados.
  3449 | D:4      | Got a buzzing helmet
  3456 | D:4      | Identified the +1 helmet of the Last Mice {rElec rF+ rC++
                  | MR-} (You found it on level 4 of the Dungeon)
  3495 | D:4      | Reached skill level 8 in Stealth
  3524 | D:4      | Found Nuschuosm's Book Emporium.
  3573 | D:4      | Slain by a gnoll

Illustrated notes

Levels and vault maps discovered:
D:1:      moated_graveyard_arrival, layout_rooms, chequers_serial_rivers_small_a
D:2:      layout_basic, grunt_temple_overflow_open, uniq_jessica
D:3:      cheibrodos_old_hovel, layout_basic, minmay_misc_feat_rugged
D:4:      layout_loops_corners, okawaru_metal_pillars_3, old_standard_altar,
          serial_shops, shop_statue, shop, shop, nicolae_shop_trees, shop

Skill      XL: |  1  2  3  4  5  6 |
---------------+-------------------+-----
Stealth        | 6 7 8 |  8.0
Fighting       | 2 |  2.0
Throwing       | 2 |  2.4
Dodging        | 2 3 |  3.8
Short Blades   | 3 4 |  4.3

Action                   |  1- 3 |  4- 6 || total
-------------------------+-------+-------++-------
Melee: Dagger            |   104 |   160 ||   264
       Bite              |     9 |    13 ||    22
Throw: Dart              |       |     9 ||     9
 Abil: Exsanguinate      |       |     2 ||     2
       Revivify          |       |     2 ||     2
       End Transformatio |       |     1 ||     1
       Bat Form          |       |     1 ||     1
  Use: Scroll            |       |     7 ||     7
 Stab: Sleeping          |     4 |    14 ||    18
Armor: Robe              |    38 |    21 ||    59
Dodge: Dodged            |    90 |    87 ||   177

Table legend: (Time is in decaauts)
 A = Elapsed time spent in this place.
 B = Non-inter-level travel time spent in this place.
 C = Inter-level travel time spent in this place.
 D = Time resting spent in this place.
 E = Time spent auto-exploring this place.
 F = Levels seen in this place.
 G = Mean time per level.
                   A        B        C        D        E       F      G
               +--------+--------+--------+--------+--------+-----+--------+
         Total |   3531 |   3462 |     69 |    691 |   1968 |   4 |  882.8 |
       Dungeon |   3531 |   3462 |     69 |    691 |   1968 |   4 |  882.8 |
               +--------+--------+--------+--------+--------+-----+--------+

Top non-repeatable levels by time:
     D:3: 1150 daAuts
     D:2: 998 daAuts
     D:4: 810 daAuts
     D:1: 572 daAuts
